 Dungeon Crawl Stone Soup version 0.23.2-1-ga50397a (webtiles) character file.

Game seed: 641064146610956389

205312 Fang the Warrior (level 19, -1/195 HPs)
             Began as a Gargoyle Berserker on Apr 30, 2019.
             Was a High Priest of Trog.
             Slain by a naga
             ... wielding a +0 dire flail
              (3 damage)
             ... on level 4 of the Snake Pit.
             The game lasted 00:44:23 (33872 turns).

Fang the Warrior (Gargoyle Berserker)              Turns: 33872, Time: 00:44:23

Health: -1/195     AC: 41    Str: 39    XL:     19   Next: 11%
Magic:  15/19      EV: 14    Int: 10    God:    Trog [*****.]
Gold:   2873       SH:  0    Dex:  9    Spells: 18/18 levels left

rFire    + + .     SeeInvis +   v - +7 executioner's axe (flame)
rCold    + . .     Gourm    +   (shield currently unavailable)
rNeg     + + +     Faith    .   h - +6 fire dragon scales "Isogrif" {rF++ rC- Str+3}
rPois    ∞         Spirit   .   P - +2 helmet {SInv}
rElec    +         Reflect  .   u - scarf {rC+ rF+}
rCorr    .         Harm     .   C - +1 pair of gloves
MR       ++...                  (no boots)
Stlth    ..........             R - amulet of the gourmand
HPRegen  0.42/turn              l - +2 ring of strength
MPRegen  0.16/turn              J - ring of Bucveem {Ice rN++ MR+ Str+2 Slay-3}

@: berserking (expiring), about to teleport, flying, constricted, very quick
A: big wings, negative energy resistance 1, electricity resistance, unbreathing,
petrification resistance, rot immunity, AC +14
a: Stop Flying, Berserk, Trog's Hand, Brothers in Arms, Renounce Religion


You were on level 4 of the Snake Pit.
You worshipped Trog.
Trog was extremely pleased with you.
You were not hungry.

You visited 5 branches of the dungeon, and saw 28 of its levels.

You collected 3090 gold pieces.
You spent 217 gold pieces at shops.

Inventory:

Hand Weapons
 a - a +0 war axe of draining
 t - a +0 war axe of chopping
 v - a +7 executioner's axe of flaming (weapon)
 D - the +4 executioner's axe of the Revolution {vamp, rElec rF- Str+2 Int+2}
   (You acquired it on level 1 of the Lair of Beasts)

   It inflicts no extra harm, but heals its wielder when it wounds a living foe.
   It affects your strength (+2).
   It affects your intelligence (+2).
   It makes you vulnerable to fire.
   It insulates you from electricity.
 F - a +7 battleaxe of electrocution
 M - a +3 battleaxe of venom
 N - a +1 broad axe of freezing
 O - a +1 war axe of holy wrath
 T - a +2 antimagic battleaxe
Armour
 b - a +1 plate armour of magic resistance
 h - the +6 fire dragon scales "Isogrif" (worn) {rF++ rC- Str+3}
   (You found it on level 13 of the Dungeon)

   It affects your strength (+3).
   It greatly protects you from fire.
   It makes you vulnerable to cold.
 n - the +2 hat of the Bear Spirit {Spirit, +Rage rN+ MR++}
   (You found it on level 7 of the Dungeon)

   It protects you from negative energy.
   It affects your resistance to hostile enchantments.
   It lets you go berserk.
 u - a scarf of resistance (worn)
 B - a +2 hat of intelligence
 C - a +1 pair of gloves (worn)
 L - a scarf of cloud immunity
 P - a +2 helmet of see invisible (worn)
Jewellery
 l - a +2 ring of strength (left hand)
 x - an uncursed ring of protection from magic
 J - the ring of Bucveem (right hand) {Ice rN++ MR+ Str+2 Slay-3}
   (You found it on level 13 of the Dungeon)

   [ring of ice]

   It enhances your ice magic.
   It affects your strength (+2).
   It affects your accuracy and damage with ranged weapons and melee attacks
   (-3).
   It makes you vulnerable to fire.
   It protects you from cold.
   It greatly protects you from negative energy.
   It affects your resistance to hostile enchantments.
 R - an amulet of the gourmand (around neck)
Wands
 i - a wand of scattershot (5)
 q - a wand of disintegration (37)
 y - a wand of iceblast (13)
 E - a wand of random effects (19)
 H - a wand of acid (7)
 I - a wand of polymorph (11)
 Q - a wand of enslavement (10)
Scrolls
 d - 2 scrolls of fog
 g - 12 scrolls of remove curse
 k - 7 scrolls of teleportation
 s - 2 scrolls of blinking
 w - 4 scrolls of fear
 A - a scroll of magic mapping
 G - 7 scrolls of identify
 S - 2 scrolls of vulnerability
Potions
 f - 5 potions of might
 j - a potion of cancellation
 m - 2 potions of berserk rage
 o - 4 potions of curing
 p - 4 potions of agility
 r - 2 potions of mutation
 z - 4 potions of ambrosia
 K - 2 potions of brilliance
Comestibles
 c - 32 rations


   Skills:
 + Level 17.9 Fighting
 + Level 15.5 Axes
 + Level 17.3 Armour
 + Level 13.8 Dodging


You had 18 spell levels left.
You didn't know any spells.
Your spell library was empty.

Dungeon Overview and Level Annotations

Branches:
Dungeon (15/15)            Temple (1/1) D:6            Lair (6/6) D:9
  Swamp (0/4) Lair:4        Snake (4/4) Lair:2        Slime (0/5) Lair:5
    Orc (2/2) D:10            Elf (0/3) Orc:2        Vaults (0/5) D:14
 Depths (0/5) D:15

Altars:
Ashenzari
Dithmenos
Gozag
Hepliaklqana
Kikubaaqudgha
Nemelex Xobeh
Okawaru
Qazlal
Ru
Trog
Uskayaw
Vehumet
Wu Jian
The Shining One
Jiyva

Shops:
D:6 }   D:7 (   D:9 [   D:11 (   Orc:1 ?   Orc:2 (*!%


Innate Abilities, Weirdness & Mutations

You are resistant to torment.
Your stone body is resilient. (AC +14)
You are immune to poison.
Your large and strong wings let you fly indefinitely.
You resist negative energy. (rN+)
You are resistant to electric shocks. (rElec)
You can survive without breathing.
You are immune to petrification.
You are immune to rotting.


Message History

You carve the naga warrior like a ham!!!
You burn the naga warrior. You slice the naga warrior!!
You burn the naga warrior. You barely miss the nagaraja. The nagaraja hits you!
* * * LOW HITPOINT WARNING * * *
The nagaraja grabs you. The nagaraja constricts you.
The naga hits you but does no damage.
The naga warrior hits you with a +0 flail!
* * * LOW HITPOINT WARNING * * *
The nagaraja points at you and mumbles some strange words.
You feel strangely unstable.
* * * LOW HITPOINT WARNING * * *
The nagaraja constricts you. The naga warrior spits poison at you.
The splash of poison hits you but does no damage.
You resist.
You escape the nagaraja's grasp.
The naga closely misses you. The naga hits you with a +0 dire flail!
* * * LOW HITPOINT WARNING * * *
The naga grabs you.
You die...

#.. ##.... #..
#.... #... #....
#... #.... #...#
. #.... #...#
#.. #....
#...N######.N..
#....
#..NNN)NN.....
#..[[
##..NN@NN....#
#..[(
###......####
#.... ########
..#..(§ .....S.§
........N....
..............
..)...........
##.............
##...........##.


You could see 3 naga warriors, a nagaraja, a naga sharpshooter, 2 naga
ritualists and 4 nagas.

Vanquished Creatures
  Jorgrun (D:14)
  Rupert (D:14)
  Agnes (D:14)
  Gastronok (Lair:1)
  Donald (Orc:2)
  A fire giant (D:15)
  2 frost giants (D:15)
  7 nagarajas
  Louise (D:14)
  Aizul (Snake:2)
  Azrael (D:13)
  Nessos (Orc:2)
  A fire dragon (Lair:6)
  A yaktaur captain (D:15)
  3 vault guards (D:14)
  23 naga warriors
  An ice dragon (D:15)
  2 rakshasas
  Harold (D:8)
  12 anacondas
  Erica (D:8)
  2 death knights (D:15)
  6 centaur warriors
  A death yak (Lair:2)
  An ogre mage (D:15)
  5 two-headed ogres
  Urug (D:11)
  6 shock serpents
  3 tengu warriors
  4 orc high priests
  6 naga sharpshooters
  A deep elf knight (D:15)
  A salamander mystic (Snake:3)
  3 unseen horrors
  3 skeletal warriors (D:15)
  6 naga ritualists
  A phantasmal warrior (D:15)
  A deep elf archer (D:15)
  2 lindwurms (Lair:6)
  4 orc knights (Orc:2)
  7 mana vipers
  An oklob plant (D:13)
  4 orc sorcerers (Orc:2)
  A faun (shapeshifter) (D:15)
  15 ugly things
  9 cyclopes
  3 deep elf magi
  A manticore (D:14)
  11 salamanders
  A wolf spider (shapeshifter) (D:15)
  2 wolf spiders (Lair:6)
  22 elephants
  8 guardian serpents
  36 black mambas
  6 torpor snails
  15 naga magi
  A gargoyle (D:10)
  A redback zombie (D:15)
  4 komodo dragons
  13 spiny frogs
  4 kobold demonologists (D:14)
  A rime drake (Lair:2)
  2 yaktaurs (D:15)
  A freezing wraith (D:15)
  6 trolls
  A tengu conjurer (D:15)
  3 tyrant leeches (Lair:6)
  11 hornets
  A queen bee (shapeshifter) (D:13)
  2 polar bears
  7 blink frogs
  A merfolk (D:10)
  A meliai zombie (D:14)
  9 slime creatures
  17 hippogriffs
  2 centaur simulacra (D:15)
  A spriggan (shapeshifter) (D:15)
  A vampire (D:15)
  8 humans (D:14)
  4 wraiths
  53 yaks
  7 shadows
  16 wyverns
  4 fire bats (Lair:1)
  4 fire elementals
  3 redbacks (Lair:6)
  3 vampire mosquitoes
  4 basilisks
  3 acid dragons
  A warg (Orc:2)
  A soldier ant (D:13)
  12 water moccasins
  A swamp worm (Lair:4)
  44 nagas
  2 hell hounds (D:13)
  5 porcupines
  25 orc warriors
  2 necrophages (D:10)
  7 ice beasts
  A hornet zombie (D:9)
  A phantom (D:5)
  5 black bears
  2 eyes of draining
  3 sky beasts
  11 ogres
  11 wolves
  9 centaurs
  13 crocodiles
  A crocodile (shapeshifter) (D:15)
  12 bullfrogs
  6 big kobolds
  A wyvern zombie (D:11)
  3 wyvern skeletons
  5 scorpions
  6 killer bees (D:10)
  4 electric eels
  4 howler monkeys
  4 wights (D:9)
  A lava snake (Lair:1)
  2 centaur zombies
  9 crimson imps
  3 bullfrog zombies
  4 centaur skeletons
  11 hounds
  A bullfrog skeleton (D:7)
  2 gnoll shamans
  A quasit (D:10)
  14 orc priests
  3 iguanas
  16 orc wizards
  8 worker ants
  A hound skeleton (D:9)
  A howler monkey zombie (D:6)
  A worker ant zombie (D:6)
  6 adders
  18 gnolls
  4 shadow imps
  3 oozes (D:2)
  An adder skeleton (D:7)
  3 worms
  3 dart slugs
  6 leopard geckos
  51 orcs
  10 giant cockroaches
  6 goblins
  8 hobgoblins
  14 jackals
  3 quokkas
  3 bats
  9 frilled lizards
  14 kobolds
  3 quokka skeletons
  9 rats
  6 fungi
  7 plants
929 creatures vanquished.

Vanquished Creatures (collateral kills)
  A war gargoyle (D:14)
  An ettin (D:15)
  A hydra (D:15)
  A wolf spider zombie (D:15)
  2 slime creatures (D:12)
  A cyclops (D:15)
  A kobold demonologist (D:14)
  A big kobold (D:14)
  An orc priest (D:12)
  An orc (D:12)
  2 kobolds (D:14)
13 creatures vanquished.

Vanquished Creatures (others)
  A black mamba (Snake:4)
  A guardian serpent (Snake:1)
  A human (D:14)
  A centaur (D:12)
  A gnoll (Orc:2)
  2 orcs
  2 fungi (Lair:6)
  17 plants (Lair:6)
26 creatures vanquished.

Grand Total: 968 creatures vanquished

Notes
Turn   | Place    | Note
-------+----------+-------------------------------------------
     0 | D:1      | Fang the Gargoyle Berserker began the quest for the Orb.
     0 | D:1      | Reached XP level 1. HP: 14/14 MP: 1/1
    89 | D:1      | Reached XP level 2. HP: 9/19 MP: 2/2
   797 | D:1      | Reached XP level 3. HP: 24/24 MP: 3/3
  1176 | D:2      | Reached ** piety under Trog
  1661 | D:2      | Reached XP level 4. HP: 18/29 MP: 4/4
  2270 | D:3      | Reached XP level 5. HP: 24/33 MP: 5/5
  2930 | D:4      | Reached XP level 6. HP: 22/39 MP: 6/6
  3120 | D:4      | Reached *** piety under Trog
  3375 | D:5      | Entered Level 5 of the Dungeon
  3610 | D:5      | Reached skill level 5 in Fighting
  3627 | D:5      | Noticed a phantom
  3647 | D:5      | Killed a phantom
  3647 | D:5      | Reached XP level 7. HP: 30/44 MP: 7/7
  4365 | D:5      | Found an ornate altar of the Wu Jian Council.
  4368 | D:5      | Found a radiant altar of Vehumet.
  4371 | D:5      | Found a hazy altar of Hepliaklqana.
  4526 | D:5      | Reached skill level 5 in Armour
  4882 | D:5      | HP: 2/67 [ogre/+0 giant club (8)]
  4884 | D:5      | Reached XP level 8. HP: 3/51 MP: 8/8
  5566 | D:6      | Found a staircase to the Ecumenical Temple.
  5600 | D:6      | Found an ancient bone altar of Kikubaaqudgha.
  5621 | D:6      | Reached skill level 5 in Axes
  5639 | Temple   | Entered the Ecumenical Temple
  5843 | D:6      | Found Qiucumi's Gadget Emporium.
  6093 | D:7      | Reached **** piety under Trog
  6103 | D:7      | Reached XP level 9. HP: 49/56 MP: 9/9
  6156 | D:7      | Reached skill level 5 in Dodging
  6666 | D:7      | Found Tuliluic's Weapon Boutique.
  6674 | D:7      | Found an opulent altar of Gozag.
  6714 | D:7      | Found a transporter.
  6721 | D:7      | Found a transporter.
  6730 | D:7      | Noticed a deep elf mage
  6733 | D:7      | Found the +2 hat of the Bear Spirit {Spirit, +Rage rN+
                  | MR++}
  6733 | D:7      | Found a shadowy altar of Dithmenos.
  6841 | D:7      | Killed a deep elf mage
  7619 | D:8      | Found a sacrificial altar of Ru.
  7717 | D:8      | Noticed a hornet
  7736 | D:8      | Killed a hornet
  7736 | D:8      | Reached XP level 10. HP: 30/64 MP: 3/10
  7780 | D:8      | Noticed Erica
  7797 | D:8      | Killed Erica
  7850 | D:8      | Noticed Harold
  7864 | D:8      | Killed Harold
  8350 | D:9      | Found a staircase to the Lair.
  8460 | D:9      | Found Nuimait's Antique Armour Boutique.
  8509 | D:9      | Noticed a centaur warrior
  8529 | D:9      | Killed a centaur warrior
  8529 | D:9      | Reached XP level 11. HP: 55/72 MP: 6/11
  8612 | D:9      | Found an ancient bone altar of Kikubaaqudgha.
  8780 | D:9      | Reached ***** piety under Trog
  8863 | D:10     | Entered Level 10 of the Dungeon
  9015 | D:10     | Found a staircase to the Orcish Mines.
  9270 | D:10     | You fall through a shaft for 2 floors!
  9284 | D:12     | Reached skill level 10 in Fighting
  9311 | D:12     | Killed an unseen horror
  9396 | D:12     | Noticed a two-headed ogre
  9406 | D:12     | Killed a two-headed ogre
  9586 | D:12     | Reached skill level 10 in Armour
  9608 | D:12     | Noticed a green ugly thing
  9621 | D:12     | Killed a green ugly thing
  9657 | D:12     | Found a stormy altar of Qazlal.
  9915 | D:12     | Noticed a cyclops
  9929 | D:12     | Killed a cyclops
 10120 | D:12     | Reached XP level 12. HP: 73/79 MP: 10/12
 10730 | D:11     | Noticed Urug
 10753 | D:11     | Killed Urug
 11074 | D:11     | Found a sparkling altar of Nemelex Xobeh.
 11368 | D:11     | Found Ziakli's Weapon Boutique.
 12376 | Lair:1   | Entered Level 1 of the Lair of Beasts
 12446 | Lair:1   | Identified a scroll of acquirement
 12449 | Lair:1   | Got a pitted executioner's axe
 12480 | Lair:1   | Reached skill level 10 in Axes
 12480 | Lair:1   | Reached XP level 13. HP: 85/87 MP: 13/13
 12481 | Lair:1   | Gained mutation: Your large and strong wings let you fly
                  | indefinitely. [Gargoyle growth]
 12481 | Lair:1   | Reached XP level 14. HP: 93/94 MP: 14/14
 12740 | Lair:1   | Noticed Gastronok
 12756 | Lair:1   | Killed Gastronok
 13758 | Lair:2   | Found a staircase to the Snake Pit.
 14410 | Lair:3   | Reached skill level 10 in Dodging
 15102 | Lair:4   | Found a bloodstained altar of Trog.
 15124 | Lair:4   | Reached XP level 15. HP: 74/99 MP: 15/15
 15490 | Lair:4   | Found a staircase to the Swamp.
 15950 | Lair:5   | Found a viscous altar of Jiyva.
 15950 | Lair:5   | Found a staircase to the Slime Pits.
 15964 | Lair:5   | Identified the +4 executioner's axe of the Revolution
                  | {vamp, rElec rF- Str+2 Int+2} (You acquired it on level 1
                  | of the Lair of Beasts)
 16486 | Lair:5   | Received a gift from Trog
 16788 | Lair:6   | Entered Level 6 of the Lair of Beasts
 17505 | Lair:6   | Received a gift from Trog
 17510 | Lair:6   | Reached ****** piety under Trog
 18112 | Lair:6   | Found a runed translucent door.
 19785 | Orc:1    | Entered Level 1 of the Orcish Mines
 19895 | D:13     | Got a smoking lapis lazuli ring
 19971 | D:13     | Reached XP level 16. HP: 60/107 MP: 12/16
 20054 | D:13     | Noticed Azrael
 20067 | D:13     | Received a gift from Trog
 20072 | D:13     | Killed Azrael
 20334 | D:13     | Received a gift from Trog
 20346 | D:13     | Identified the ring of Bucveem {Ice rN++ MR+ Str+2 Slay-3}
                  | (You found it on level 13 of the Dungeon)
 20360 | D:13     | Found a shattered altar of Ashenzari.
 20600 | D:13     | Got jewelled fire dragon scales
 20611 | D:13     | Identified the +6 fire dragon scales "Isogrif" {rF++ rC-
                  | Str+3} (You found it on level 13 of the Dungeon)
 20796 | D:13     | Reached skill level 15 in Fighting
 21053 | D:14     | Noticed Louise
 21109 | D:14     | Killed Louise
 21546 | D:14     | Noticed Jorgrun
 21575 | D:14     | Killed Jorgrun
 21690 | D:14     | Noticed Agnes
 21724 | D:14     | Killed Agnes
 22148 | D:14     | Noticed Rupert
 22170 | D:14     | Killed Rupert
 22847 | D:14     | Found a gate to the Vaults.
 23079 | D:15     | Entered Level 15 of the Dungeon
 23102 | D:15     | Reached skill level 15 in Armour
 23746 | D:15     | Found an ornate altar of the Wu Jian Council.
 23746 | D:15     | Found a shadowy altar of Dithmenos.
 23747 | D:15     | Found a hide-covered altar of Uskayaw.
 23906 | D:15     | Found a staircase to the Depths.
 24133 | D:15     | Reached XP level 17. HP: 109/115 MP: 15/17
 24733 | D:15     | Received a gift from Trog
 25639 | D:15     | Identified the +4 flail "Ynuogg" {vamp, Str+4 Stlth+}
 26058 | Orc:1    | Found Sihy Egiusmy's Magic Scroll Shoppe.
 26152 | Orc:2    | Entered Level 2 of the Orcish Mines
 26152 | Orc:2    | Noticed Donald
 26158 | Orc:2    | Noticed Nessos
 26163 | Orc:2    | Killed Donald
 26382 | Orc:2    | Killed Nessos
 26389 | Orc:2    | Received a gift from Trog
 27042 | Orc:2    | Found a staircase to the Elven Halls.
 27086 | Orc:2    | Found Wuiffal's Food Boutique.
 27086 | Orc:2    | Found Sugh's Distillery.
 27088 | Orc:2    | Found Wiyvvopn's Assorted Antiques.
 27088 | Orc:2    | Found Vuup's Antique Weapon Shoppe.
 27106 | Orc:2    | Bought a glowing helmet for 217 gold pieces
 27393 | Snake:1  | Entered Level 1 of the Snake Pit
 29551 | Snake:2  | Received a gift from Trog
 29640 | Snake:2  | Reached XP level 18. HP: 109/122 MP: 18/18
 29817 | Snake:2  | Received a gift from Trog
 29948 | Snake:2  | Identified the Handbook of Sinister Secrets
 30000 | Snake:2  | Noticed Aizul
 30010 | Snake:2  | Killed Aizul
 30340 | Snake:2  | You are sucked into a shaft!
 31250 | Snake:3  | Reached skill level 15 in Axes
 31259 | Snake:3  | Received a gift from Trog
 31670 | Snake:4  | Entered Level 4 of the Snake Pit
 32443 | Snake:4  | Found a glowing golden altar of the Shining One.
 32714 | Snake:4  | Found an iron altar of Okawaru.
 32843 | Snake:4  | Received a gift from Trog
 32849 | Snake:4  | HP: 1/124 [naga sharpshooter/arrow (12)]
 32868 | Snake:4  | Identified the cursed +1 battleaxe "Domokafo" {elec, +Fly}
 33610 | Snake:4  | Reached XP level 19. HP: 121/130 MP: 19/19
 33872 | Snake:4  | HP: 2/195 [naga/+0 dire flail (9)]
 33872 | Snake:4  | Slain by a naga

Skill      XL: |  1  2  3  4  5  6  7  8  9 10 11 12 13 14 15 16 17 18 |
---------------+-------------------------------------------------------+-----
Axes           | 3 4 5 6 8 9 10 11 12 13 14 15 | 15.5
Dodging        | 2 3 4 6 7 8 9 10 11 12 13 | 13.8
Armour         | 3 4 5 6 7 9 10 11 12 14 15 16 17 | 17.3
Fighting       | 4 5 6 8 9 10 12 13 14 15 16 17 | 17.9

Action                   |  1- 3 |  4- 6 |  7- 9 | 10-12 | 13-15 | 16-18 | 19-21 || total
-------------------------+-------+-------+-------+-------+-------+-------+-------++-------
Melee: Hand axe          |   119 |   192 |       |       |       |       |       ||   311
       War axe           |       |    39 |   346 |   590 |   796 |   671 |       ||  2442
       Executioner's axe |       |       |       |       |       |   723 |    46 ||   769
       Battleaxe         |       |       |       |       |       |    61 |       ||    61
Invok: Berserk           |     2 |     2 |     6 |     8 |     6 |    20 |     1 ||    45
       Trog's Hand       |       |       |       |     4 |       |     8 |       ||    12
       Brothers in Arms  |       |       |       |     2 |       |     6 |       ||     8
 Abil: Fly               |       |       |       |       |     1 |       |       ||     1
  Use: Scroll            |       |     1 |    16 |     6 |     9 |    17 |       ||    49
       Potion            |       |       |       |     1 |     1 |     7 |       ||     9
  Eat: Chunk             |     4 |     9 |    15 |    20 |    26 |    44 |       ||   118
       Ration            |       |       |     1 |     2 |     1 |     8 |       ||    12
Armor: Animal skin       |    51 |    34 |       |       |       |       |       ||    85
       Plate armour      |       |   135 |   316 |   608 |   804 |    62 |       ||  1925
       Fire dragon scale |       |       |       |       |       |  1490 |    63 ||  1553
Dodge: Dodged            |    86 |   125 |   187 |   453 |   622 |  1602 |    53 ||  3128
